 Dungeon Crawl Stone Soup version 0.22.1-1-ga44c0e56f4 (webtiles) character file.

927 Reeggar the Sneak (level 8, -1/54 HPs)
             Began as an Octopode Fighter on Oct 23, 2018.
             Was an Initiate of Gozag.
             Slain by a two-headed ogre
             ... wielding a +0 giant spiked club
              (30 damage)
             ... on level 5 of the Dungeon.
             The game lasted 00:21:21 (4423 turns).

Reeggar the Sneak (Octopode Fighter)                Turns: 4423, Time: 00:21:22

Health: -1/54      AC:  1    Str: 17    XL:     8   Next: 10%
Magic:  8/8        EV: 13    Int: 11    God:    Gozag
Gold:   663        SH:  9    Dex: 15    Spells: 7/7 levels left

rFire    . . .     SeeInvis .   r - +0 war axe (chop)
rCold    . . .     Gourm    .   b - +0 shield
rNeg     . . .     Faith    .   (helmet restricted)
rPois    .         Spirit   .   (no amulet)
rElec    .         Reflect  .   k - ring of protection from magic
rCorr    .         Harm     .   s - +4 ring of dexterity
MR       +....                  (no ring)
Stlth    ++++......             (no ring)
HPRegen  0.18/turn              (no ring)
MPRegen  0.11/turn              (no ring)
                                (no ring)
                                (no ring)

@: no status effects
A: almost no armour, stealthy swim, amphibious, 8 rings, constrict 8, camouflage
1, gelatinous body 1
a: Potion Petition, Call Merchant, Bribe Branch, Renounce Religion


You were on level 5 of the Dungeon.
You worshipped Gozag.
Gozag was pleased with you.
You were not hungry.

You visited 1 branch of the dungeon, and saw 5 of its levels.

You collected 684 gold pieces.
You paid 21 gold pieces to Gozag.

Inventory:

Hand Weapons
 a - a +0 long sword
 m - a +0 scythe
 r - a +0 war axe of chopping (weapon)
Armour
 b - a +0 shield (worn)
 q - a +0 shield
Jewellery
 k - a ring of protection from magic (left tentacle)
 s - a +4 ring of dexterity (right tentacle)
Wands
 l - a wand of flame (33)
 p - a wand of scattershot (7)
Scrolls
 f - a scroll of teleportation
 h - 3 scrolls of remove curse
 i - 5 scrolls of identify
 n - a scroll of random uselessness {unknown}
Potions
 e - a potion of curing {unknown}
 g - 3 potions of heal wounds {unknown}
 j - 2 potions of flight {unknown}
 o - 2 potions of mutation {unknown}
 t - a potion of degeneration {unknown}


   Skills:
 + Level 4.2 Fighting
 + Level 5.7 Long Blades
 + Level 0.4 Axes
 + Level 4.8 Dodging
 * Level 6.0 Stealth
 + Level 4.0 Shields


You had 7 spell levels left.
You didn't know any spells.
Your spell library was empty.

Dungeon Overview and Level Annotations

Branches:
Dungeon (5/15)
 Temple: D:4-7

Altars:
Dithmenos
Gozag
Hepliaklqana
Ru
Sif Muna
Yredelemnul

Shops:
D:4 [


Innate Abilities, Weirdness & Mutations

You cannot wear most types of armour.
You are very stealthy in the water. (Stealth+)
You are amphibious.
You can wear up to eight rings at the same time.
You can use your tentacles to constrict eight enemies at once.
Your skin changes colour to match your surroundings (Stealth+).
Your rubbery body absorbs attacks. (AC +1, EV +1)


Message History

You eat the ration.
That ration really hit the spot!
Found a throwing net.
A two-headed ogre comes into view. It is wielding two giant spiked clubs.
Found a scroll of remove curse.
A howler monkey zombie comes into view.
Found a stone staircase leading down.
The helpless two-headed ogre fails to defend itself.
You slash the two-headed ogre! You squeeze the two-headed ogre.
The two-headed ogre is moderately wounded.
The two-headed ogre closely misses you. You block the two-headed ogre's attack.
You hit the two-headed ogre. You squeeze the two-headed ogre!
The two-headed ogre is heavily wounded.
The two-headed ogre hits you with a giant spiked club.
The two-headed ogre hits you with a giant spiked club!!
You hit the two-headed ogre but do no damage.
The two-headed ogre is heavily wounded.
The two-headed ogre hits you with a giant spiked club!!
Ouch! That really hurt!
You die...
Your body crumbles into a pile of gold.

...≈...≈...
....?.....
....≈...≈Z
......... #
.≈...≈...
#.##......
#.>..O.# #@#
#.### ... #...#
#.# ###.# #.#
#.# #.# #.# #(#
#.# #.########
#.#####.........
#...........##..


You could see a two-headed ogre and a howler monkey zombie (dormant).

Vanquished Creatures
  Grinder (D:3)
  Sigmund (D:3)
  An ice beast (D:5)
  2 ogres (D:4)
  3 orc wizards (D:4)
  An iguana (D:4)
  Ijyb (D:3)
  A hound skeleton (D:4)
  Robin (D:3)
  2 gnolls (D:4)
  An adder (D:2)
  2 oozes
  An adder skeleton (D:4)
  2 worms
  3 dart slugs
  A leopard gecko (D:3)
  14 orcs (D:4)
  6 bats
  A giant cockroach (D:2)
  10 hobgoblins
  3 jackals (D:3)
  4 kobolds
  6 quokkas
  4 frilled lizards
  12 goblins
  7 rats
  A spectral orc (D:3)
  8 plants (D:4)
100 creatures vanquished.

Notes
Turn   | Place    | Note
-------+----------+-------------------------------------------
     0 | D:1      | Reeggar the Octopode Fighter began the quest for the Orb.
     0 | D:1      | Reached XP level 1. HP: 16/16 MP: 1/1
    34 | D:1      | Reached skill level 1 in Stealth
    67 | D:1      | Reached XP level 2. HP: 17/21 MP: 2/2
   248 | D:1      | You fall through a shaft!
   253 | D:2      | Found a deep blue altar of Sif Muna.
   253 | D:2      | Found a shadowy altar of Dithmenos.
   268 | D:2      | Found an opulent altar of Gozag.
   276 | D:2      | Reached skill level 2 in Stealth
   276 | D:2      | Reached XP level 3. HP: 23/26 MP: 3/3
   308 | D:2      | Became a worshipper of Gozag Ym Sagoz the Greedy
   870 | D:2      | Reached XP level 4. HP: 30/31 MP: 4/4
  1256 | D:3      | Noticed Ijyb
  1266 | D:3      | Killed Ijyb
  1333 | D:3      | Noticed Sigmund
  1342 | D:3      | Killed Sigmund
  1342 | D:3      | Reached skill level 3 in Stealth
  1342 | D:3      | Reached XP level 5. HP: 36/36 MP: 5/5
  1342 | D:3      | Reached XP level 6. HP: 42/42 MP: 6/6
  1479 | D:3      | Noticed Grinder
  1485 | D:3      | Paralysed by Grinder for 2 turns
  1501 | D:3      | Paralysed by something for 2 turns
  1556 | D:3      | Killed Grinder
  1556 | D:3      | Reached skill level 4 in Stealth
  1556 | D:3      | Reached XP level 7. HP: 10/47 MP: 7/7
  2038 | D:3      | Noticed Robin
  2050 | D:3      | Killed Robin
  2268 | D:3      | Found a hazy altar of Hepliaklqana.
  2462 | D:3      | Found a basalt altar of Yredelemnul.
  2815 | D:4      | Reached skill level 5 in Long Blades
  2815 | D:4      | Reached skill level 5 in Stealth
  3521 | D:4      | Found Toit's Armour Emporium.
  3951 | D:5      | Entered Level 5 of the Dungeon
  4015 | D:5      | Found a sacrificial altar of Ru.
  4060 | D:5      | HP: 2/48 [ice beast (6)]
  4062 | D:5      | Reached skill level 6 in Stealth
  4062 | D:5      | Reached XP level 8. HP: 3/54 MP: 8/8
  4418 | D:5      | Noticed a two-headed ogre
  4423 | D:5      | Slain by a two-headed ogre

Skill      XL: |  1  2  3  4  5  6  7 |
---------------+----------------------+-----
Stealth        | 1 2 3 4 6 |  6.0
Long Blades    | 3 4 5 |  5.7
Dodging        | 4 |  4.8
Fighting       | 4 |  4.2
Shields        | 4 |  4.0
Axes           | |  0.4

Action                   |  1- 3 |  4- 6 |  7- 9 || total
-------------------------+-------+-------+-------++-------
Melee: Long sword        |    59 |    28 |    70 ||   157
       Constrict         |    21 |     7 |    33 ||    61
       Tentacles         |    15 |     8 |    48 ||    71
       War axe           |       |       |    80 ||    80
Invok: Potion Petition   |       |     1 |       ||     1
  Use: Scroll            |       |     3 |     2 ||     5
       Potion            |       |       |     1 ||     1
 Stab: Sleeping          |       |     1 |     3 ||     4
       Distracted        |       |       |     1 ||     1
  Eat: Ration            |       |     1 |     3 ||     4
Armor: Skin              |    13 |       |     2 ||    15
Dodge: Dodged            |    35 |    11 |    39 ||    85
Block: Shield            |    24 |     8 |    32 ||    64
       Rpst.: Long sword |    12 |     4 |    14 ||    30
